 Dungeon Crawl Stone Soup version 0.23-a0-143-g1adec7b (webtiles) character file.

44 HarryHood the Cudgeler (level 3, -1/23 HPs)
             Began as a Gargoyle Berserker on Sept 1, 2018.
             Was a Believer of Trog.
             Slain by a worm (6 damage)
             ... on level 2 of the Dungeon.
             The game lasted 00:04:09 (1512 turns).

HarryHood the Cudgeler (Gargoyle Berserker)         Turns: 1512, Time: 00:04:09

Health: -1/23      AC:  5    Str: 20    XL:     3   Next: 60%
Magic:  3/3        EV: 12    Int:  7    God:    Trog [**....]
Gold:   44         SH:  0    Dex: 10    Spells: 2/2 levels left

rFire    . . .     SeeInvis .   a - +0 mace
rCold    . . .     Gourm    .   (no shield)
rNeg     + . .     Faith    .   g - +0 animal skin
rPois    ∞         Spirit   .   (no helmet)
rElec    +         Reflect  .   (no cloak)
rCorr    .         Harm     .   (no gloves)
MR       .....                  (no boots)
Stlth    +.........             (no amulet)
HPRegen  0.07/turn              (no ring)
MPRegen  0.08/turn              (no ring)

@: no status effects
A: negative energy resistance 1, electricity resistance, unbreathing,
petrification resistance, rot immunity, AC +3
a: Berserk, Trog's Hand, Renounce Religion


You were on level 2 of the Dungeon.
You worshipped Trog.
Trog was pleased with you.
You were not hungry.

You visited 1 branch of the dungeon, and saw 2 of its levels.

You collected 44 gold pieces.

Inventory:

Hand Weapons
 a - a +0 mace (weapon)
 b - a cursed -3 hunting sling
Missiles
 e - 16 sling bullets
 j - a stone (quivered)
Armour
 g - a +0 animal skin (worn)
Scrolls
 k - a scroll of remove curse {unknown}
 r - a scroll of identify
Potions
 f - a potion of agility
 h - a potion of curing {unknown}
 i - a potion of lignification {!q}
Comestibles
 c - 3 rations {@e1}
 d - 3 chunks of flesh


   Skills:
 - Level 3.2 Fighting
 + Level 4.5 Maces & Flails
 - Level 2.1 Armour
 - Level 1.5 Dodging


You had 2 spell levels left.
You didn't know any spells.
Your spell library was empty.

Dungeon Overview and Level Annotations

Branches:
Dungeon (2/15)

Altars:


Innate Abilities, Weirdness & Mutations

You are resistant to torment.
Your stone body is resilient. (AC +3)
You are immune to poison.
You resist negative energy. (rN+)
You are resistant to electric shocks. (rElec)
You can survive without breathing.
You are immune to petrification.
You are immune to rotting.


Message History

Found a scroll labeled AFIOGA JOMEF.
Found a fuming blue potion, 24 stones and a metallic emerald potion.
k - a scroll labeled AFIOGA JOMEF A worm comes into view.
Found 7 gold pieces.
A kobold comes into view. It is wielding a whip.
The kobold shouts!
The worm barely misses you.
You hit the worm. The worm bites you!
You take 7 damage, and have 16/23 hp.
MASSIVE DAMAGE!!
You hit the worm. You barely miss the worm. The worm bites you.
You take 6 damage, and have 10/23 hp.
MASSIVE DAMAGE!!
You thump the worm! The worm completely misses you.
You hit the worm. You hit the worm. The worm bites you.
* * * LOW HITPOINT WARNING * * *
You take 5 damage, and have 5/23 hp.
MASSIVE DAMAGE!!
You barely miss the worm. The worm bites you.
You die...

..........
.......#### ..
..........#
#.#
..........# ..
######....# #.
#....# #....#
#.###....#
##....###
.K##....# ##
#.......#
#w##....# >##
#.#####.#
#@.#....# ..#
#. #.#
##.#...!# 8.#
#. #.#
###....(.# ..#
#. #.#
#.......!# .##
#.###.##.....#
'#######
#.....###.##.#
..##...##
####### #..#
.# 8.'..8.<#
##.# #
..##...## ..


You could see a worm and a kobold.

Vanquished Creatures
  An ooze (D:2)
  A dart slug (D:2)
  2 leopard geckos (D:1)
  5 bats
  A giant cockroach (D:1)
  4 goblins
  6 hobgoblins
  2 jackals (D:2)
  A quokka (D:2)
  A ball python (D:1)
  2 frilled lizards
  2 kobolds (D:2)
  4 rats
32 creatures vanquished.

Notes
Turn   | Place    | Note
-------+----------+-------------------------------------------
     0 | D:1      | HarryHood the Gargoyle Berserker began the quest for the
                  | Orb.
     0 | D:1      | Reached XP level 1. HP: 14/14 MP: 1/1
   164 | D:1      | Reached XP level 2. HP: 11/19 MP: 2/2
   922 | D:1      | Reached skill level 4 in Maces & Flails
  1130 | D:2      | Reached XP level 3. HP: 22/23 MP: 3/3
  1280 | D:2      | Reached ** piety under Trog
  1512 | D:2      | Slain by a worm

Vault maps used:
D:1:      elethiomel_arrival_maze
D:2:      first_ration, serial_park_tiny_pond, minmay_misc_feat_more_columns,
          grunt_ministairs_5

Skill      XL: |  1  2 |
---------------+-------+-----
Maces & Flails | 4 |  4.5
Fighting       | |  3.2
Armour         | |  2.1
Dodging        | |  1.5

Action                   || total
-------------------------++-------
Melee: Mace              ||   114
  Use: Scroll            ||     2
  Eat: Chunk             ||     2
Armor: Animal skin       ||    44
Dodge: Dodged            ||    85

Table legend:
 A = Non-vault XP
 B = Vault XP
 C = Vault XP percentage of total XP
 D = Non-vault monster count
 E = Vault monster count
 F = Vault count percentage of total count
                 A         B        C        D         E       F
            +---------+---------+-------+---------+---------+-------
      Total |      61 |       2 |   3.2 |      30 |       2 |   6.2
            +---------+---------+-------+---------+---------+-------
        D:1 |      30 |       0 |   0.0 |      16 |       0 |   0.0
        D:2 |      31 |       2 |   6.1 |      14 |       2 |  12.5
            +---------+---------+-------+---------+---------+-------
